 Dungeon Crawl Stone Soup version 0.22-a0-542-gce4f928 (webtiles) character file.

776933 shitimlost the Messiah (level 27, 0/245 HPs)
             Began as a Hill Orc Fighter on June 23, 2018.
             Was the Champion of Beogh.
             Killed from afar by a balrug (19 damage)
             ... with a fireball
             ... in Pandemonium on June 24, 2018.
             The game lasted 06:00:49 (125417 turns).

shitimlost the Messiah (Hill Orc Fighter)         Turns: 125417, Time: 06:00:49

Health: 0/245      AC: 43    Str: 39    XL:     27
Magic:  35/40      EV: 16    Int: 12    God:    Beogh [******]
Gold:   3478       SH: 38    Dex: 18    Spells: 26/26 levels left

rFire    + . .     SeeInvis +   Y - +9 war axe (holy)
rCold    + . .     Gourm    .   e - +5 large shield
rNeg     + . .     Faith    .   b - +9 scales of the Dragon King {rPois rF+ rC+ MR+}
rPois    +         Spirit   .   y - +3 crown of Dyrovepreva {rElec Int+2 SInv}
rElec    +         Reflect  +   d - +3 cloak "Vaorch" {rElec rCorr Dex+2}
rCorr    +         Harm     .   R - +0 pair of gloves of the Jabberwock {rElec rN+ rCorr Str+3}
MR       +++..     Rnd*Rage +   o - +2 pair of boots {run}
Stlth    ..........             Q - +5 amulet of reflection
HPRegen  0.50/turn              L - +5 ring of dexterity
MPRegen  0.27/turn              U - +5 ring of strength

@: quick
A: walk on water, fangs 1, berserk 1, clever 1, deformed body, frail 1, subdued
magic 1
}: 6/15 runes: barnacled, slimy, silver, demonic, dark, gossamer
a: Smiting, Recall Orcish Followers, Give Item to Named Follower, Resurrection,
Renounce Religion


You were in Pandemonium.
You worshipped Beogh.
Beogh was exalted by your worship.
You were not hungry.

You visited 12 branches of the dungeon, and saw 55 of its levels.
You visited Pandemonium 1 time, and saw 6 of its levels.
You visited 1 bazaar.
You visited 1 ziggurat, and saw 11 of its levels.
You also visited: Trove.

You collected 9026 gold pieces.
You spent 5548 gold pieces at shops.

Inventory:

Hand Weapons
 a - the +6 broad axe of Greatest Utility {freeze, rC++}
   (You took it off a deep elf death mage on level 3 of the Crypt)

   It has been specially enchanted to freeze those struck by it, causing extra
   injury to most foes and up to half again as much damage against particularly
   susceptible opponents.
   It can also slow down cold-blooded creatures.
   It greatly protects you from cold.
 c - the +4 hunting sling of Moral Flaws {flame, rPois MR+}
   (You found it on level 3 of the Elven Halls)

   It causes projectiles fired from it to burn those they strike, causing extra
   injury to most foes and up to half again as much damage against particularly
   susceptible opponents.
   It protects you from poison.
   It affects your resistance to hostile enchantments.
 E - the +0 war axe of Death's Door {antimagic, rPois}
   (You found it on level 13 of the Dungeon)

   It reduces the magical energy of the wielder, and disrupts the spells and
   magical abilities of those hit.
   Natural abilities and divine invocations are not affected.
   It protects you from poison.
 O - the +4 broad axe "Napp" {freeze, rPois rF+ Str+3 Stlth-}
   (You took it off a deep elf death mage on level 3 of the Elven Halls)

   It has been specially enchanted to freeze those struck by it, causing extra
   injury to most foes and up to half again as much damage against particularly
   susceptible opponents.
   It can also slow down cold-blooded creatures.
   It affects your strength (+3).
   It protects you from fire.
   It protects you from poison.
   It makes you less stealthy.
 Y - a +9 war axe of holy wrath (weapon)
Missiles
 p - 637 sling bullets
 G - 24 javelins (quivered)
Armour
 b - the +9 scales of the Dragon King (worn) {rPois rF+ rC+ MR+}
   (You bought it in a shop in a bazaar)

   It protects you from fire.
   It protects you from cold.
   It protects you from poison.
   It affects your resistance to hostile enchantments.
 d - the +3 cloak "Vaorch" (worn) {rElec rCorr Dex+2}
   (You bought it in a shop in a bazaar)

   It affects your dexterity (+2).
   It insulates you from electricity.
   It protects you from acid and corrosion.
 e - a +5 large shield (worn)
 o - a +2 pair of boots of running (worn)
 y - the +3 crown of Dyrovepreva (worn) {rElec Int+2 SInv}
   (You found it on level 5 of the Vaults)

   It affects your intelligence (+2).
   It insulates you from electricity.
   It lets you see invisible.
 R - the +0 pair of gloves of the Jabberwock (worn) {rElec rN+ rCorr Str+3}
   (You bought it in a shop on level 11 of the Dungeon)

   It affects your strength (+3).
   It insulates you from electricity.
   It protects you from negative energy.
   It protects you from acid and corrosion.
Jewellery
 L - a +5 ring of dexterity (left hand)
 P - an uncursed ring of protection from fire
 Q - a +5 amulet of reflection (around neck)
 U - a +5 ring of strength (right hand)
 V - the ring of Sytaraapt {+Fly rC- EV+2 Str+4}
   (You found it on level 10 of a ziggurat)

   [ring of evasion]

   It affects your evasion (+2).
   It affects your strength (+4).
   It makes you vulnerable to cold.
   It lets you fly.
Wands
 g - a wand of acid (34)
 r - a wand of digging (34)
 w - a wand of scattershot (4)
 z - a wand of iceblast (18)
 A - a wand of clouds (3)
 F - a wand of random effects (41)
 I - a wand of flame (22)
 W - a wand of paralysis (44)
Scrolls
 h - 3 scrolls of magic mapping
 i - 5 scrolls of fog
 q - 35 scrolls of remove curse
 t - 13 scrolls of teleportation
 x - 3 scrolls of fear
 K - a scroll of holy word
 X - 18 scrolls of identify
Potions
 l - 6 potions of magic
 m - 6 potions of resistance
 n - 8 potions of ambrosia
 s - a potion of berserk rage
 v - 16 potions of curing
 B - 2 potions of brilliance
 D - 5 potions of cancellation
 M - 3 potions of haste
 N - a potion of agility
 T - 5 potions of invisibility
 Z - 3 potions of mutation
Miscellaneous
 j - 2 phantom mirrors
 k - a lightning rod (4/4)
 u - 4 boxes of beasts
 H - the horn of Geryon
 J - a lamp of fire
Comestibles
 f - 12 rations


   Skills:
 O Level 27 Fighting
 + Level 23.9 Axes
 - Level 10.9 Slings
 + Level 26.2 Armour
 - Level 11.0 Dodging
 + Level 24.1 Shields
 O Level 27 Invocations


You had 26 spell levels left.
You didn't know any spells.
Your spell library contained the following spells:

 Spells                   Type           Power        Failure   Level  Hunger
 Cause Fear               Hex            #.........   100%        4    #####..
 Magic Dart               Conj           #...         78%         1    ##.....
 Fireball                 Conj/Fire      #.........   100%        5    ######.
 Apportation              Tloc           #.....       78%         1    ##.....
 Conjure Flame            Conj/Fire      #.......     99%         3    ####...
 Bolt of Fire             Conj/Fire      #.........   100%        6    #######
 Bolt of Cold             Conj/Ice       #.........   100%        6    #######
 Lightning Bolt           Conj/Air       #.........   100%        5    ######.
 Bolt of Magma            Conj/Fire/Erth #.........   100%        5    ######.
 Slow                     Hex            #.......     89%         2    ###....
 Confuse                  Hex            #.......     99%         3    ####...
 Invisibility             Hex            #.......     100%        6    #######
 Throw Flame              Conj/Fire      #.....       89%         2    ###....
 Throw Frost              Conj/Ice       #.....       89%         2    ###....
 Controlled Blink         Tloc           N/A          100%        8    #######
 Freezing Cloud           Conj/Ice/Air   #.........   100%        6    #######
 Mephitic Cloud           Conj/Pois/Air  #.......     99%         3    ####...
 Ring of Flames           Chrm/Fire      #.........   100%        7    #######
 Venom Bolt               Conj/Pois      #.........   100%        5    ######.
 Olgreb's Toxic Radiance  Pois           #.......     100%        4    #####..
 Death's Door             Chrm/Necr      #.........   100%        8    #######
 Summon Small Mammal      Summ           #...         78%         1    ##.....
 Bolt of Draining         Conj/Necr      #.........   100%        5    ######.
 Iskenderun's Mystic Bla  Conj           #.......     100%        4    #####..
 Animate Dead             Necr           N/A          100%        4    #####..
 Pain                     Necr           #...         78%         1    ##.....
 Animate Skeleton         Necr           N/A          78%         1    ##.....
 Vampiric Draining        Necr           #.........   99%         3    ####...
 Haunt                    Necr/Summ      #.........   100%        7    #######
 Borgnjor's Revivificati  Necr           #.........   100%        8    #######
 Freeze                   Ice            #...         78%         1    ##.....
 Ozocubu's Refrigeration  Ice            #.........   100%        6    #######
 Sticky Flame             Conj/Fire      #.......     100%        4    #####..
 Summon Ice Beast         Ice/Summ       #.......     100%        4    #####..
 Ozocubu's Armour         Chrm/Ice       #.......     99%         3    ####...
 Call Imp                 Summ           #.......     89%         2    ###....
 Dispel Undead            Necr           #.......     100%        5    ######.
 Regeneration             Chrm/Necr      #.........   99%         3    ####...
 Sting                    Conj/Pois      #...         78%         1    ##.....
 Sublimation of Blood     Necr           #.........   89%         2    ###....
 Tukima's Dance           Hex            #.......     99%         3    ####...
 Summon Demon             Summ           #.........   100%        5    ######.
 Corpse Rot               Necr           N/A          89%         2    ###....
 Iron Shot                Conj/Erth      #.........   100%        6    #######
 Stone Arrow              Conj/Erth      #.....       99%         3    ####...
 Shock                    Conj/Air       #...         78%         1    ##.....
 Swiftness                Chrm/Air       #.......     89%         2    ###....
 Recall                   Summ/Tloc      N/A          99%         3    ####...
 Agony                    Necr           #.......     100%        5    ######.
 Statue Form              Tmut/Erth      #........    100%        6    #######
 Ice Form                 Ice/Tmut       #.......     100%        4    #####..
 Dragon Form              Tmut           #.........   100%        7    #######
 Necromutation            Tmut/Necr      #.........   100%        8    #######
 Death Channel            Necr           #.........   100%        6    #######
 Deflect Missiles         Chrm/Air       #.........   100%        6    #######
 Throw Icicle             Conj/Ice       #.......     100%        4    #####..
 Airstrike                Air            #.........   100%        4    #####..
 Shadow Creatures         Summ           N/A          100%        6    #######
 Confusing Touch          Hex            #.....       78%         1    ##.....
 Flame Tongue             Conj/Fire      #....        78%         1    ##.....
 Passwall                 Tmut/Erth      #.......     89%         2    ###....
 Ignite Poison            Fire/Tmut/Pois #.......     99%         3    ####...
 Sticks to Snakes         Tmut           #.......     89%         2    ###....
 Call Canine Familiar     Summ           #.......     99%         3    ####...
 Ensorcelled Hibernation  Hex/Ice        #.....       89%         2    ###....
 Metabolic Englaciation   Hex/Ice        #.........   100%        5    ######.
 Summon Butterflies       Summ           #.......     78%         1    ##.....
 Silence                  Hex/Air        #.........   100%        5    ######.
 Shatter                  Erth           #.........   100%        9    #######
 Dispersal                Tloc           #.........   100%        6    #######
 Static Discharge         Conj/Air       #.......     99%         3    ####...
 Corona                   Hex            #......      78%         1    ##.....
 Alistair's Intoxication  Tmut/Pois      #.......     100%        5    ######.
 Lee's Rapid Deconstruct  Erth           #.........   100%        5    ######.
 Sandblast                Erth           #.....       78%         1    ##.....
 Simulacrum               Ice/Necr       #.........   100%        6    #######
 Conjure Ball Lightning   Conj/Air       #.........   100%        6    #######
 Excruciating Wounds      Chrm/Necr      #.........   100%        5    ######.
 Portal Projectile        Hex/Tloc       #.....       99%         3    ####...
 Petrify                  Tmut/Erth      #.......     100%        4    #####..
 Tornado                  Air            #.........   100%        9    #######
 Leda's Liquefaction      Hex/Erth       #.........   100%        4    #####..
 Summon Hydra             Summ           #.........   100%        7    #######
 Inner Flame              Hex/Fire       #.......     99%         3    ####...
 Aura of Abjuration       Summ           #.........   100%        5    ######.
 Disjunction              Tloc           #.........   100%        8    #######
 Fulminant Prism          Conj/Hex       #.........   100%        4    #####..
 Dazzling Spray           Conj/Hex       #.....       99%         3    ####...
 Force Lance              Conj/Tloc      #.......     100%        4    #####..
 Searing Ray              Conj           #.....       89%         2    ###....
 Discord                  Hex            #.........   100%        8    #######
 Summon Forest            Summ/Tloc      #.........   100%        5    ######.
 Summon Lightning Spire   Summ/Air       #.......     100%        4    #####..
 Summon Guardian Golem    Hex/Summ       #.......     99%         3    ####...
 Dragon's Call            Summ           #.........   100%        9    #######
 Spellforged Servitor     Conj/Summ      #.........   100%        7    #######
 Summon Mana Viper        Hex/Summ       #.......     100%        5    ######.
 Irradiate                Conj/Tmut      #.........   100%        5    ######.
 Gell's Gravitas          Tloc           #.........   99%         3    ####...
 Yara's Violent Unravell  Hex/Tmut       #.........   100%        5    ######.
 Infestation              Necr           #.........   100%        8    #######
 Lesser Beckoning         Tloc           #.........   99%         3    ####...
 Poisonous Vapours        Pois/Air       #.....       89%         2    ###....
 Ignition                 Fire           #.........   100%        8    #######


Dungeon Overview and Level Annotations

Branches:
Dungeon (15/15)            Temple (0/1) D:6            Lair (6/6) D:8
 Shoals (4/4) Lair:3       Spider (4/4) Lair:2        Slime (5/5) Lair:6
    Orc (2/2) D:10            Elf (3/3) Orc:2        Vaults (5/5) D:13
  Crypt (3/3) Vaults:3       Tomb (0/3) Crypt:3      Depths (5/5) D:15
   Hell (1/1)                 Dis (0/7) Hell            Geh (0/7) Hell
    Coc (0/7) Hell            Tar (0/7) Hell            Zot (2/5) Depths:5

Altars:
Dithmenos
Gozag
Kikubaaqudgha
Makhleb
Okawaru
Ru
Trog
Uskayaw
Vehumet
Zin
Beogh
Lugonu

Shops:
D:4 (   D:11 [   D:12 *   D:13 *   Orc:2 *(:(!   Elf:1 !   Vaults:1 (
Vaults:2 *[?(   Depths:1 *

Portals:
Hell: Depths:1 Depths:2 Depths:3 Depths:4 Depths:5
Abyss: Depths:2 Depths:4 Depths:5
Pandemonium: Depths:3

Annotations:
D:5 1 runed door


Innate Abilities, Weirdness & Mutations

You can walk on water.
You have very sharp teeth.
You tend to lose your temper in combat.
Your mind is acute. (Int +2)
Armour fits poorly on your strangely shaped body.
You are frail. (-10% HP)
Your spells are a little easier to cast, but a little less powerful.


Message History

* * * LOW HITPOINT WARNING * * *
Your ufetubus hits the sun demon but does no damage.
Your ufetubus closely misses the sun demon.
The ufetubus hits your infernal warmonger but does no damage.
The ufetubus barely misses your infernal warmonger.
The ufetubus barely misses your red devil. x2
The balrug gestures at your sun demon.
The fireball explodes!
The fireball engulfs your sun demon.
Your sun demon completely resists.
The fireball engulfs your infernal blood saint.
Your infernal blood saint completely resists.
The fireball engulfs the balrug.
The balrug completely resists.
The fireball engulfs your red devil.
Your red devil completely resists.
The fireball engulfs the ufetubus.
The ufetubus is burned terribly!
The ufetubus dies!
The fireball engulfs your balrug.
Your balrug completely resists.
The fireball engulfs you! You resist.
You die...

................#
...............##
..............##
.............##
..............##
.............55##
.....####....5.6#
..[#########53.4########
............556.@5......
............3443.3......
.............22223......
............)3)2355.....
............)2..5.5.....
....#####.......#####...
....# ###4..### ...
....# #'''# .. ....#
#...#


You could see 4 balrugs, a sun demon, a ynoxinul, a red devil, 6 ufetubi, a
friendly infernal warmonger, a friendly reaper, a friendly balrug, a friendly
infernal blood saint, 3 friendly sun demons, 2 friendly ynoxinuls, 3 friendly
red devils and 5 friendly ufetubi.

Vanquished Creatures
  the Royal Jelly (Slime:5)
  An ancient lich (Crypt:3)
  Mara (Vaults:2)
  Mennas (Crypt:1)
  3 orbs of fire
  2 juggernauts (Depths:4)
  Boris (Vaults:3)
  5 pandemonium lords
  Bai Suzhen (Vaults:3)
  A caustic shrike (Depths:4)
  Geryon (Hell)
  4 golden dragons
  A bone dragon (Crypt:3)
  A shard shrike zombie (Crypt:2)
  A Brimstone Fiend (Pan)
  14 Hell Sentinels (Pan)
  4 liches
  10 Ice Fiends (Pan)
  4 titans
  4 tentacled monstrosities
  A deep elf blademaster (Elf:2)
  A quicksilver dragon (Zot:2)
  3 sphinxes
  19 Executioners (Pan)
  25 acid blobs
  2 death cobs
  4 tengu reavers
  Gastronok (Lair:3)
  Kirke (Lair:6)
  4 storm dragons
  3 ancient champions
  6 shadow dragons
  10 draconian monks
  3 revenants
  12 fire giants
  Ilsuiw (Shoals:4)
  17 azure jellies
  9 deep elf sorcerers
  7 frost giants
  8 vault wardens
  An iron dragon (Hell)
  6 ghost moths
  3 draconian knights
  4 emperor scorpions
  8 balrugs (Pan)
  3 deep elf elementalists (Elf:3)
  3 curse skulls
  3 warmongers (Pan)
  4 war gargoyles
  3 draconian stormcallers
  A draconian scorcher (Depths:5)
  A juggernaut zombie (Depths:3)
  8 reapers
  9 ironheart preservers
  9 ghouls
  13 stone giants
  5 draconian annihilators
  10 very ugly things
  10 black draconians
  2 corrupters
  2 blood saints (Pan)
  4 entropy weavers
  4 vampire knights
  4 black suns (Pan)
  Nessos (Lair:6)
  10 green draconians
  A spriggan defender (Depths:4)
  5 deep elf demonologists
  A black draconian (shapeshifter) (Vaults:4)
  10 purple draconians
  A yellow draconian (Zot:1)
  2 deep elf annihilators
  13 lorocyprocas
  7 spark wasps
  9 red draconians
  2 eidola
  8 white draconians
  6 merfolk javelineers
  17 blizzard demons
  5 green deaths (Pan)
  13 jiangshi
  7 merfolk impalers
  13 deep elf death magi
  8 death oozes (Slime:5)
  2 quicksilver dragon zombies
  Josephine (Shoals:1)
  12 ettins
  4 fire dragons
  13 yaktaur captains
  4 hydras
  4 deep elf high priests
  3 rakshasas (Depths:4)
  4 hell beasts
  16 great orbs of eyes
  10 ice dragons
  A quicksilver dragon skeleton (Pan)
  20 vault guards
  4 merfolk avatars
  3 spriggan air magi
  31 two-headed ogres
  11 ogre magi
  4 death knights
  3 alligators (Zig:10)
  2 catoblepae (D:15)
  3 centaur warriors
  17 dancing weapons
  A two-headed ogre (shapeshifter) (Vaults:5)
  4 merfolk aquamancers
  A satyr (Shoals:3)
  14 deep troll shamans
  4 vampire magi
  4 hell hogs
  3 alligator snapping turtles
  3 spriggan berserkers
  8 deep troll earth magi
  5 tengu warriors
  3 death yaks
  25 soul eaters
  23 deep elf knights
  25 sun demons
  Sonja (Orc:2)
  3 iron golems (Hell)
  2 sixfirhies (Pan)
  2 golden dragon zombies
  6 hell knights
  5 iron trolls
  3 titan skeletons
  A storm dragon skeleton (Crypt:2)
  10 shadow wraiths
  34 skeletal warriors
  A torturous demonspawn (Pan)
  An unseen horror (shapeshifter) (Vaults:2)
  A glowing orange brain (shapeshifter) (Vaults:2)
  An infernal demonspawn (Pan)
  10 sea snakes
  17 deep trolls
  5 unseen horrors
  2 anaconda zombies
  A glowing orange brain (Vaults:5)
  2 spriggan druids (Zig:10)
  2 wizards
  9 deep elf archers
  6 gelid demonspawn (Pan)
  3 shadow demons (Pan)
  2 golden dragon skeletons (Pan)
  7 flayed ghosts
  A shambling mangrove (Zig:10)
  47 deep elf magi
  4 swamp dragons (Zig:10)
  9 orc knights
  2 mana vipers (shapeshifter)
  10 ironbrand convokers
  A lindwurm (Depths:5)
  A tengu zombie (Zig:7)
  An orc sorcerer (Vaults:3)
  A frost giant zombie (Crypt:1)
  38 ugly things
  13 phantasmal warriors
  13 orb spiders
  13 harpies
  8 necromancers
  A shadow dragon skeleton (Pan)
  An orb spider (shapeshifter) (Depths:2)
  2 stone giant zombies
  A wolf spider zombie (Crypt:3)
  6 shining eyes
  31 wolf spiders
  21 fauns
  5 oklob plants (Zig:8)
  7 cyclopes
  10 manticores
  13 merfolk sirens
  2 stone giant skeletons
  Joseph (D:9)
  9 moths of wrath
  A sphinx skeleton (Vaults:3)
  A black mamba (shapeshifter) (Depths:4)
  12 vault sentinels
  2 frost giant skeletons
  Maurice (D:9)
  5 fire giant skeletons
  An eye of devastation (shapeshifter) (Zig:6)
  6 rust devils
  36 smoke demons
  14 elephants
  3 black mambas
  Psyche (D:9)
  A torpor snail (Lair:3)
  4 eyes of devastation
  8 orange demons (Pan)
  35 yaktaurs
  4 spiny frogs
  A molten gargoyle (Hell)
  8 water nymphs
  2 efreet
  4 hellions
  6 komodo dragons
  An emperor scorpion zombie (Crypt:2)
  A sea snake zombie (Crypt:1)
  4 rime drakes
  3 tengu conjurers
  13 freezing wraiths
  2 hellwings (Pan)
  34 demonic crawlers
  2 tormentors (Pan)
  3 yaktaurs (shapeshifter)
  An anaconda simulacrum (Hell)
  A white draconian skeleton (Crypt:2)
  A golden dragon simulacrum (Crypt:3)
  A tyrant leech (shapeshifter) (Zig:6)
  15 jumping spiders
  3 meliai (Spider:2)
  9 red devils
  A polar bear (Lair:4)
  3 ice devils
  A tyrant leech (Zig:10)
  2 harpy skeletons
  7 trolls
  7 wind drakes
  2 hydra zombies (Hell)
  4 dream sheep (Shoals:2)
  33 merfolk
  11 hornets
  2 wolf spider simulacra
  119 slime creatures
  13 snapping turtles
  2 hydra skeletons (Hell)
  8 hippogriffs
  An alligator zombie (Hell)
  7 blink frogs (Lair:5)
  2 spriggan skeletons
  7 bog bodies
  3 ettin skeletons
  An alligator skeleton (Hell)
  2 shadows (Crypt:3)
  20 water elementals
  44 redbacks
  3 air elementals
  An ice dragon skeleton (Crypt:1)
  4 wyverns
  53 flying skulls
  24 tarantellas
  45 yaks
  11 wraiths
  36 ynoxinuls (Pan)
  2 black mamba skeletons (Crypt:2)
  2 basilisks (Lair:1)
  2 hungry ghosts
  2 spriggans (shapeshifter) (Depths:3)
  11 golden eyes
  A yaktaur simulacrum (Vaults:3)
  A basilisk (shapeshifter) (Depths:4)
  7 fire elementals
  A human (shapeshifter) (Vaults:4)
  9 chaos spawn (Pan)
  Grum (D:9)
  5 vampire mosquitoes
  7 neqoxecs (Pan)
  Menkaure (D:7)
  4 wargs
  3 acid dragons
  A floating eye (shapeshifter) (Elf:1)
  A water moccasin (shapeshifter) (Elf:1)
  10 soldier ants
  A swamp worm (shapeshifter) (Vaults:3)
  4 porcupines
  A hell hound (Depths:3)
  5 water moccasins
  15 large abominations
  9 swamp drakes
  An ettin simulacrum (Crypt:2)
  An ice dragon simulacrum (Crypt:1)
  An infernal demonspawn skeleton (Crypt:2)
  4 phantoms
  3 sky beasts
  8 necrophages
  3 black bears (D:8)
  13 eyes of draining
  14 orc warriors
  A snapping turtle skeleton (Pan)
  The ghost of Rexfelis the Skirmisher, an amateur DsFi (D:3)
  6 human skeletons (Vaults:3)
  6 wolves
  3 boggarts (Vaults:3)
  24 ogres
  10 crocodiles
  10 centaurs
  A swamp dragon skeleton (Hell)
  2 big kobolds
  A rime drake zombie (Crypt:1)
  2 earth elementals (Elf:1)
  A wyvern zombie (Crypt:1)
  18 bullfrogs
  A small abomination (Crypt:3)
  4 scorpions
  A shapeshifter zombie (Crypt:1)
  A vampire bat (D:15)
  20 killer bees
  10 wights
  A snapping turtle simulacrum (Crypt:1)
  4 electric eels
  4 howler monkeys
  11 crimson imps
  4 centaur zombies
  3 jellies
  A centaur skeleton (D:6)
  3 orc priests
  4 hounds
  A quasit (D:14)
  A gnoll shaman (D:4)
  4 bullfrog skeletons
  2 iron imps
  8 orc wizards
  2 iguanas
  A porcupine zombie (Crypt:1)
  23 worker ants
  12 hell rats
  A dwarf zombie (Crypt:1)
  A hound zombie (Crypt:1)
  A hound skeleton (D:5)
  3 worker ant zombies
  9 adders
  12 gnolls
  A steam dragon skeleton (Crypt:2)
  6 shadow imps
  2 adder skeletons (D:6)
  A halfling skeleton (Crypt:2)
  3 worms
  A worm (shapeshifter) (Depths:3)
  A dart slug (D:1)
  An adder simulacrum (D:3)
  8 leopard geckos
  27 orcs
  2 ball pythons (D:2)
  2 giant cockroaches
  8 goblins
  6 hobgoblins
  2 jackals (D:2)
  14 kobolds
  A quokka (D:9)
  8 bats
  4 frilled lizards
  A giant cockroach simulacrum (D:3)
  A jackal zombie (Crypt:1)
  A leopard gecko simulacrum (D:3)
  2 quokka simulacra (D:3)
  A quokka zombie (D:5)
  5 rats
  2 crawling corpses (Elf:3)
  6 fungi
  15 plants
2415 creatures vanquished.

Vanquished Creatures (collateral kills)
  Gloorx Vloq (Pan)
  Tiamat (Zot:1)
  The ghost of Beine the Messiah, a veteran HOFi of Beogh (Depths:3)
  Sojobo (Depths:3)
  The ghost of Bailed the Peltast, a veteran MiMo of Qazlal (Vaults:4)
  3 golden dragons
  The ghost of Ukiefoc the Devastator, an adept DrFE of Vehumet (Vaults:4)
  A profane servitor (Crypt:3)
  Jorgrun (Depths:2)
  A Tzitzimitl (Pan)
  2 liches
  2 Hell Sentinels (Pan)
  An Ice Fiend (Pan)
  2 tentacled monstrosities
  A deep elf blademaster (Elf:3)
  2 titans
  A deep elf master archer (Elf:3)
  A quicksilver dragon (Vaults:5)
  Asterion (Spider:3)
  4 death cobs
  3 storm dragons
  3 Executioners (Pan)
  3 shadow dragons
  A sphinx (Vaults:5)
  4 tengu reavers
  6 draconian monks
  3 blood saints (Pan)
  A revenant (Crypt:3)
  4 fire giants
  A draconian knight (Zot:1)
  5 deep elf sorcerers (Elf:3)
  A draconian scorcher (Zot:2)
  3 iron dragons
  3 cacodemons
  4 frost giants
  2 orc warlords (Vaults:4)
  3 balrugs (Pan)
  A corrupter (Pan)
  9 vault wardens
  2 draconian shifters
  2 draconian stormcallers (Zot:2)
  A warmonger (Pan)
  3 very ugly things
  2 ghost moths
  2 deep elf elementalists (Elf:3)
  A spriggan defender (Depths:4)
  3 emperor scorpions
  A reaper (Hell)
  6 stone giants
  3 ironheart preservers
  3 green draconians
  3 entropy weavers
  A black sun (Pan)
  A deep elf demonologist (Vaults:5)
  3 black draconians
  A deep elf annihilator (Elf:3)
  2 purple draconians
  4 white draconians
  4 spark wasps
  3 vampire knights
  A yellow draconian (Zot:1)
  5 red draconians
  A green death (Pan)
  6 ettins
  3 merfolk impalers
  3 blizzard demons (Pan)
  Snorg (Orc:1)
  A deep elf death mage (Elf:3)
  4 jiangshi (Crypt:3)
  3 fire dragons
  5 ogre magi
  8 deep elf high priests
  2 yaktaur captains
  16 vault guards
  4 hydras
  2 great orbs of eyes
  4 rakshasas
  18 two-headed ogres
  A merfolk avatar (Lair:6)
  3 centaur warriors
  6 death knights
  6 dancing weapons
  A queen ant (Lair:6)
  A deep troll shaman (Depths:3)
  2 spriggan berserkers
  2 death yaks (Lair:6)
  A deep troll earth mage (Depths:4)
  5 soul eaters
  An orc high priest (Orc:1)
  3 sun demons (Pan)
  Nergalle (Spider:3)
  8 skeletal warriors
  A hell knight (Crypt:3)
  2 sixfirhies
  A shadow demon (Pan)
  A sea snake (Lair:6)
  2 flayed ghosts
  An infernal demonspawn (Pan)
  3 wizards
  9 deep trolls
  3 deep elf archers (Elf:2)
  10 orc knights
  A gelid demonspawn (Pan)
  4 ironbrand convokers
  5 phantasmal warriors
  9 wolf spiders
  A harpy (Vaults:4)
  4 orc sorcerers (Orc:2)
  A shining eye (Slime:1)
  9 orb spiders
  2 fauns
  21 ugly things
  12 deep elf magi
  2 manticores
  A fire giant skeleton (Depths:3)
  A moth of wrath (shapeshifter) (Vaults:4)
  3 cyclopes
  6 elephants
  A merfolk siren (Shoals:4)
  9 moths of wrath
  A black mamba (Lair:6)
  A stone giant skeleton (Pan)
  A frost giant skeleton (Vaults:3)
  3 orange demons
  13 smoke demons (Pan)
  2 hellions (Pan)
  5 freezing wraiths
  2 spiny frogs
  An efreet (Pan)
  8 vault sentinels
  2 rime drakes (Lair:6)
  15 demonic crawlers
  2 komodo dragons (Lair:6)
  A queen bee (Spider:2)
  8 yaktaurs
  A polar bear (shapeshifter) (Depths:3)
  2 red devils (Pan)
  2 tengu conjurers
  12 jumping spiders
  A yaktaur skeleton (Vaults:3)
  9 merfolk
  4 trolls
  7 hornets
  6 polar bears (Lair:6)
  7 large abominations
  5 wind drakes
  2 hippogriffs
  16 slime creatures
  3 blink frogs (Lair:5)
  A redback (shapeshifter) (Vaults:5)
  3 flying skulls (Crypt:3)
  2 shadows (Crypt:3)
  28 redbacks
  An air elemental (Elf:3)
  A water elemental (Depths:2)
  2 wraiths
  15 tarantellas
  4 wyverns
  A fire elemental (Hell)
  A basilisk (Lair:5)
  5 ynoxinuls (Pan)
  6 yaks
  2 chaos spawn (Pan)
  A basilisk (shapeshifter) (Vaults:5)
  6 vampire mosquitoes
  5 neqoxecs (Pan)
  A small abomination (Crypt:3)
  A naga (shapeshifter) (Depths:2)
  4 wargs
  3 water moccasins (Lair:6)
  An acid dragon (D:14)
  3 soldier ants
  A merfolk skeleton (Pan)
  9 orc warriors
  2 eyes of draining
  6 ogres
  4 boggarts (Vaults:3)
  5 centaurs
  A crocodile (Lair:6)
  3 bullfrogs
  A scorpion (D:12)
  10 killer bees (Spider:2)
  2 wights (D:15)
  3 crimson imps
  A bullfrog zombie (D:11)
  3 orc priests
  A hound (D:13)
  A jelly (Lair:6)
  A quasit (Pan)
  A bullfrog skeleton (D:13)
  10 orc wizards
  An iguana (D:12)
  8 worker ants
  4 gnolls (Orc:1)
  2 shadow imps
  7 orcs
  4 bats (D:15)
  3 fungi
  2 plants
728 creatures vanquished.

Vanquished Creatures (others)
  10 orc warlords
  A draconian knight (Zot:1)
  A deep elf elementalist (Elf:3)
  A stone giant (Vaults:5)
  2 blood saints (Pan)
  A white draconian (Zot:2)
  4 merfolk javelineers
  4 yaktaur captains
  A green death (Zig:10)
  A centaur warrior (Depths:2)
  A satyr (Shoals:2)
  5 orc high priests
  2 deep elf archers
  A necromancer (Crypt:1)
  26 orc knights
  12 orc sorcerers
  4 deep elf magi
  2 freezing wraiths
  15 yaktaurs
  A demonic crawler (Pan)
  A jumping spider (Spider:2)
  A hornet (Spider:3)
  2 merfolk
  A tarantella (Spider:1)
  4 humans (Lair:6)
  A floating eye (Depths:4)
  32 orc warriors
  An ogre (Depths:2)
  2 centaurs
  25 orc priests
  27 orc wizards
  A lightning spire (Zig:7)
  A shadow imp (D:8)
  55 orcs
  A kobold (D:8)
  8 fungi
  58 plants
316 creatures vanquished.

Grand Total: 3459 creatures vanquished

Notes
Turn   | Place    | Note
-------+----------+-------------------------------------------
     0 | D:1      | shitimlost the Hill Orc Fighter began the quest for the Orb.
     0 | D:1      | Reached XP level 1. HP: 19/19 MP: 1/1
    60 | D:1      | Reached XP level 2. HP: 27/27 MP: 2/2
   960 | D:2      | You fall through a shaft for 2 floors!
   960 | D:4      | Found Dohukiv's Weapon Shoppe.
   984 | D:4      | Reached XP level 3. HP: 22/33 MP: 3/3
  1440 | D:3      | Reached XP level 4. HP: 21/40 MP: 4/4
  2425 | D:2      | Reached XP level 5. HP: 41/47 MP: 5/5
  2748 | D:3      | Noticed Rexfelis's ghost (amateur DsFi)
  2797 | D:3      | Found a runed gate.
  2797 | D:3      | Found a runed gate.
  2797 | D:3      | Found a runed gate.
  2874 | D:3      | Found an iron altar of Okawaru.
  3599 | D:4      | Reached skill level 5 in Fighting
  3599 | D:4      | Reached XP level 6. HP: 46/56 MP: 6/6
  4106 | D:5      | Entered Level 5 of the Dungeon
  4366 | D:5      | Reached skill level 5 in Axes
  4849 | D:5      | Found a bloodstained altar of Trog.
  5128 | D:5      | Found a runed door.
  5164 | D:6      | Reached skill level 5 in Shields
  5173 | D:5      | Reached skill level 5 in Armour
  5255 | D:6      | Reached XP level 7. HP: 61/61 MP: 7/7
  5673 | D:6      | Found a staircase to the Ecumenical Temple.
  6437 | D:7      | Found a transporter.
  6476 | D:7      | Found a sacrificial altar of Ru.
  6497 | D:7      | Reached XP level 8. HP: 30/71 MP: 8/8
  6498 | D:7      | Noticed Menkaure
  6501 | D:7      | Killed Menkaure
  6990 | D:7      | Found a radiant altar of Vehumet.
  8634 | D:8      | Became a worshipper of Beogh the Brigand
  8979 | D:8      | Reached XP level 9. HP: 79/79 MP: 9/9
  9198 | D:8      | Noticed a two-headed ogre
  9204 | D:8      | Killed a two-headed ogre
  9504 | D:8      | Reached * piety under Beogh
  9717 | D:8      | Noticed a two-headed ogre
  9728 | D:8      | Killed a two-headed ogre
  9728 | D:8      | Reached XP level 10. HP: 43/90 MP: 10/10
 10112 | D:8      | Found a staircase to the Lair.
 10651 | D:9      | Reached skill level 10 in Axes
 10660 | D:9      | Noticed Grum
 10674 | D:9      | Killed Grum
 10674 | D:9      | Reached skill level 1 in Slings
 10681 | D:9      | Noticed Joseph
 11232 | D:8      | Reached ** piety under Beogh
 12102 | D:9      | Killed Joseph
 12102 | D:9      | Reached skill level 10 in Fighting
 12464 | D:9      | Noticed Psyche
 12468 | D:9      | Killed Psyche
 12468 | D:9      | Reached XP level 11. HP: 76/99 MP: 11/11
 12468 | D:9      | Noticed Maurice
 12486 | D:9      | Killed Maurice
 12679 | D:9      | Noticed a death yak
 12792 | D:9      | Killed a death yak
 13073 | D:9      | Noticed a two-headed ogre
 13091 | D:9      | Killed a two-headed ogre
 13679 | D:10     | Entered Level 10 of the Dungeon
 13741 | D:9      | Got a faintly glowing scimitar
 13742 | D:9      | Identified the +8 scimitar "Cukk" {slice, +Blink rN++ Dex-5 Stlth+} (You found it on level 9 of the Dungeon)
 13918 | D:10     | Found a staircase to the Orcish Mines.
 13957 | D:10     | Noticed a two-headed ogre
 13968 | D:10     | Killed a two-headed ogre
 13968 | D:10     | Reached skill level 10 in Armour
 13968 | D:10     | Reached skill level 10 in Shields
 14381 | D:10     | Found a portal to a secret trove of treasure.
 14973 | Lair:1   | Entered Level 1 of the Lair of Beasts
 15202 | Lair:1   | Reached skill level 1 in Invocations
 16112 | Lair:2   | Found a hole to the Spider Nest.
 16112 | Lair:2   | Noticed an orb spider
 16647 | Lair:2   | Reached XP level 12. HP: 86/110 MP: 14/14
 17258 | Lair:1   | Reached skill level 5 in Slings
 17259 | Lair:1   | Reached *** piety under Beogh
 18417 | Lair:3   | Found a runed door.
 18794 | Lair:3   | Found a staircase to the Shoals.
 19273 | Lair:3   | Noticed Gastronok
 19296 | Lair:3   | Killed Gastronok
 19296 | Lair:3   | Reached skill level 5 in Invocations
 19731 | Lair:3   | Noticed a four-headed hydra
 19741 | Lair:3   | Killed a one-headed hydra
 19756 | Lair:3   | Identified the Incunabulum of the Voyage and Transmutation
 20789 | Lair:4   | Noticed a five-headed hydra
 20803 | Lair:4   | Reached XP level 13. HP: 83/118 MP: 17/17
 22874 | Lair:5   | Gained Judas as an ally
 22874 | Lair:5   | Gained Morguth as an ally
 23167 | Lair:5   | Reached **** piety under Beogh
 23582 | Lair:5   | Gained Nordag as an ally
 24966 | D:11     | Found Koigots's Armour Shoppe.
 24996 | D:11     | Bought the +0 pair of gloves of the Jabberwock {rElec rN+ rCorr Str+3} for 484 gold pieces
 25780 | D:11     | Found a shadowy altar of Dithmenos.
 26257 | D:12     | Found Gunauwex's Assorted Antiques.
 26261 | D:12     | Bought a scroll of identify for 68 gold pieces
 26501 | D:12     | Gained Korbok as an ally
 26587 | D:12     | Reached ***** piety under Beogh
 26770 | D:12     | Your ally Korbok died
 27840 | D:13     | Found a gate to the Vaults.
 27840 | D:13     | Noticed a vault guard
 27852 | D:13     | Killed a vault guard
 27852 | D:13     | Reached XP level 14. HP: 129/129 MP: 20/20
 27954 | D:13     | Found Foejurao's Changing Room.
 28127 | D:13     | Got a jewelled war axe
 28128 | D:13     | Identified the cursed +0 war axe of Death's Door {antimagic, rPois} (You found it on level 13 of the Dungeon)
 29112 | D:14     | Found a hide-covered altar of Uskayaw.
 29404 | D:14     | Your ally Morguth died
 29406 | D:14     | Your ally Judas died
 29933 | D:15     | Entered Level 15 of the Dungeon
 30125 | D:15     | Reached skill level 10 in Invocations
 30838 | D:15     | Found a staircase to the Depths.
 30844 | D:15     | Reached ****** piety under Beogh
 31336 | Lair:6   | Entered Level 6 of the Lair of Beasts
 31358 | Lair:6   | Noticed Kirke
 31362 | Lair:6   | Killed Kirke
 31520 | Lair:6   | Reached XP level 15. HP: 63/137 MP: 22/22
 32479 | Lair:6   | Found a staircase to the Slime Pits.
 32573 | Lair:6   | Reached skill level 15 in Axes
 33495 | Lair:6   | Noticed Nessos
 33499 | Lair:6   | Killed Nessos
 33810 | Orc:1    | Entered Level 1 of the Orcish Mines
 33877 | Orc:1    | Noticed Snorg
 33886 | Orc:1    | Killed Snorg
 34307 | Orc:2    | Entered Level 2 of the Orcish Mines
 34317 | Orc:2    | Gained Morguth as an ally
 34440 | Orc:2    | Found a staircase to the Elven Halls.
 34540 | Orc:2    | Found Vaux Yti's Assorted Antiques.
 34549 | Orc:2    | Bought a scroll labeled ALETWU XAPUQ for 29 gold pieces
 34656 | Orc:2    | Noticed Sonja
 34664 | Orc:2    | Found Oterrech's Book Emporium.
 34667 | Orc:2    | Killed Sonja
 34697 | Orc:2    | Found Coruf's Antique Weapon Shoppe.
 34733 | Orc:2    | Found a radiant altar of Vehumet.
 34745 | Orc:2    | Found Tekoabbe's Antique Weapon Emporium.
 34825 | Orc:2    | Noticed Nergalle
 34826 | Orc:2    | Found an ancient bone altar of Kikubaaqudgha.
 35011 | Orc:2    | Found a roughly hewn altar of Beogh.
 35011 | Orc:2    | Found Hicifuts's Distillery.
 35044 | Orc:2    | Bought a potion of heal wounds for 75 gold pieces
 35044 | Orc:2    | Bought a potion of resistance for 150 gold pieces
 35044 | Orc:2    | Bought a potion of curing for 45 gold pieces
 35044 | Orc:2    | Bought 2 potions of curing for 90 gold pieces
 35044 | Orc:2    | Bought a potion of heal wounds for 75 gold pieces
 35451 | D:7      | Found a transporter.
 35498 | D:7      | Got a flickering brass ring
 35500 | D:7      | Identified the ring of the Traitor {Wiz rC+} (You found it on level 7 of the Dungeon)
 35718 | D:3      | Killed Rexfelis's ghost
 35974 | Spider:1 | Entered Level 1 of the Spider Nest
 37504 | Spider:2 | Reached XP level 16. HP: 114/147 MP: 18/24
 39351 | Spider:3 | Reached skill level 15 in Fighting
 39353 | Spider:3 | Gained Borgun as an ally
 39790 | Spider:3 | Reached skill level 10 in Slings
 39864 | Spider:3 | Your ally died
 39866 | Spider:3 | Your ally Borgun died
 39932 | Spider:3 | Your ally Nordag died
 40079 | Spider:3 | Noticed Asterion
 40091 | Spider:3 | Killed Asterion
 41665 | Spider:4 | Entered Level 4 of the Spider Nest
 41974 | Spider:4 | Gained Korbok as an ally
 42710 | Spider:4 | Reached XP level 17. HP: 49/156 MP: 0/26
 43401 | Spider:4 | Your ally Morguth died
 44066 | Spider:4 | Got a gossamer rune of Zot
 44267 | Shoals:1 | Entered Level 1 of the Shoals
 45350 | Shoals:1 | Got a polished flail
 45351 | Shoals:1 | Identified the +1 flail of Berog {crush, +Fly rF+ MP-9 Int+2} (You found it on level 1 of the Shoals)
 45487 | Shoals:1 | Noticed Josephine
 45489 | Shoals:1 | Gained Arkwar as an ally
 45495 | Shoals:1 | Killed Josephine
 45503 | Shoals:1 | Your ally Arkwar died
 46696 | Shoals:2 | Reached skill level 15 in Armour
 46774 | Shoals:2 | Reached skill level 15 in Shields
 47876 | Shoals:3 | Gained Marbaugh as an ally
 48304 | Shoals:3 | Your ally Korbok died
 48748 | Shoals:4 | Entered Level 4 of the Shoals
 48777 | Shoals:4 | Reached XP level 18. HP: 100/168 MP: 28/28
 49724 | Shoals:4 | Noticed Ilsuiw
 49732 | Shoals:4 | Killed Ilsuiw
 49738 | Shoals:4 | Your ally Marbaugh died
 49789 | Shoals:4 | Reached skill level 15 in Invocations
 50012 | Shoals:4 | Gained Alork as an ally
 50475 | Shoals:4 | Identified the ring of Patraz {rElec rC+ rN+++ Str-5 Dex-3} (You took it off a merfolk impaler on level 4 of the Shoals)
 50602 | Shoals:4 | Got a barnacled rune of Zot
 51562 | Vaults:1 | Entered Level 1 of the Vaults
 52288 | Vaults:1 | Your ally Alork died
 52884 | Vaults:1 | Found Mauphots's Antique Weapon Emporium.
 52888 | Vaults:1 | Bought a runed war axe for 299 gold pieces
 54523 | Vaults:2 | Found Inoicoun's General Store.
 54539 | Vaults:2 | Found a flickering gateway to a bazaar.
 54565 | Bazaar   | Entered a bazaar
 54565 | Bazaar   | Found Nuxeqoomm's Jewellery Shoppe.
 54565 | Bazaar   | Found Nyigue's Armour Emporium.
 54565 | Bazaar   | Found Jejuywi's Weapon Emporium.
 54565 | Bazaar   | Found Moihedd's Armour Shoppe.
 54586 | Bazaar   | Bought the +9 scales of the Dragon King {rPois rF+ rC+ MR+} for 1996 gold pieces
 54586 | Bazaar   | Found the +9 scales of the Dragon King {rPois rF+ rC+ MR+}
 54604 | Bazaar   | Bought the +3 cloak "Vaorch" {rElec rCorr Dex+2} for 433 gold pieces
 54688 | Vaults:2 | Reached XP level 19. HP: 172/177 MP: 30/30
 55227 | Vaults:2 | Found Busanur's Armour Shoppe.
 55324 | Vaults:2 | Gained Rocco as an ally
 55343 | Vaults:2 | Noticed an Ice Fiend
 55402 | Vaults:2 | Noticed Mara
 55410 | Vaults:2 | Noticed shitimlost's illusion
 55949 | Vaults:2 | Found Suhy's Antique Weapon Shoppe.
 55950 | Vaults:2 | Found Harchyevo's Magic Scroll Emporium.
 57097 | Vaults:2 | Noticed shitimlost's illusion
 57110 | Vaults:2 | Killed Mara
 57690 | Vaults:3 | Your ally Rocco died
 57694 | Vaults:3 | Gained Bogfrid as an ally
 58126 | Vaults:3 | Noticed Bai Suzhen
 58151 | Vaults:3 | Noticed Boris
 58153 | Vaults:3 | Killed Bai Suzhen
 58180 | Vaults:3 | Killed Boris
 58180 | Vaults:3 | Reached XP level 20. HP: 56/189 MP: 12/32
 59608 | Vaults:3 | Found a staircase to the Crypt.
 59976 | Elf:1    | Entered Level 1 of the Elven Halls
 60011 | Elf:1    | Found a radiant altar of Vehumet.
 60603 | Elf:1    | Found Gasuaral's Distillery.
 60629 | Elf:1    | Bought a potion of curing for 42 gold pieces
 60629 | Elf:1    | Bought a potion of curing for 42 gold pieces
 61080 | Elf:1    | You fall through a shaft!
 61727 | Elf:2    | Found a runed gate.
 61727 | Elf:2    | Found a runed gate.
 61727 | Elf:2    | Found a runed gate.
 63190 | Elf:2    | Reached XP level 21. HP: 199/199 MP: 34/34
 63320 | Elf:3    | Entered Level 3 of the Elven Halls
 64545 | Vaults:4 | Gained Syrus as an ally
 64545 | Vaults:4 | Your ally Syrus died
 64549 | Vaults:4 | Gained Bogbrand as an ally
 64553 | Vaults:4 | Your ally Bogbrand died
 64784 | Vaults:4 | Gained Zorug as an ally
 64847 | Vaults:4 | Gained Horkud as an ally
 66160 | Vaults:4 | Found a large runed door.
 66160 | Vaults:4 | Noticed Bailed's ghost (veteran MiMo)
 66161 | Vaults:4 | Found a large runed door.
 66162 | Vaults:4 | Noticed Ukiefoc's ghost (adept DrFE)
 66191 | Vaults:4 | Killed Bailed's ghost
 66205 | Vaults:4 | Killed Ukiefoc's ghost
 66212 | Vaults:4 | Got a slimy halberd {protect}
 68169 | Elf:3    | Got a transparent broad axe {freeze}
 68170 | Elf:3    | Identified the +4 broad axe "Napp" {freeze, rPois rF+ Str+3 Stlth-} (You took it off a deep elf death mage on level 3 of the Elven Halls)
 68525 | Elf:3    | Reached XP level 22. HP: 181/210 MP: 11/35
 68956 | Elf:3    | Identified Rarphung's Catalogue of Combat Magic
 68972 | Elf:3    | Identified a +2 pair of boots of running (You found it on level 3 of the Elven Halls)
 68975 | Elf:3    | Identified the +4 hunting sling of Moral Flaws {flame, rPois MR+} (You found it on level 3 of the Elven Halls)
 69079 | Elf:3    | Found the +3 robe of Clouds {+Fly rElec}
 69125 | Elf:3    | Got a steaming war axe {pain}
 69126 | Elf:3    | Identified the +8 war axe "Doul" {pain, rN+ Int+3} (You took it off a deep elf demonologist on level 3 of the Elven Halls)
 69892 | Vaults:2 | Bought a faintly glowing war axe for 297 gold pieces
 69892 | Vaults:2 | Identified the +2 war axe "Leen" {flame, MR+ Str+3} (You bought it in a shop on level 2 of the Vaults)
 69894 | Vaults:2 | Bought a glowing war axe for 227 gold pieces
 70019 | Vaults:5 | Entered Level 5 of the Vaults
 70032 | Vaults:4 | Gained Agrik as an ally
 70066 | Vaults:4 | Reached skill level 1 in Dodging
 70066 | Vaults:4 | Gained Herok as an ally
 71398 | Vaults:5 | Your ally Herok died
 71427 | Vaults:5 | Your ally Agrik died
 71431 | Vaults:5 | Gained Borgk as an ally
 71443 | Vaults:5 | Your ally Horkud died
 71458 | Vaults:5 | Gained Alork as an ally
 71516 | Vaults:5 | Your ally Syrus died
 71658 | Vaults:5 | Your ally Zorug died
 71659 | Vaults:5 | Your ally Borgk died
 71663 | Vaults:5 | Noticed a golden dragon
 72730 | Vaults:4 | Killed a golden dragon
 72730 | Vaults:4 | Reached XP level 23. HP: 209/220 MP: 37/37
 73096 | Vaults:5 | Found the +3 crown of Dyrovepreva {rElec Int+2 SInv}
 73101 | Vaults:5 | Got a silver rune of Zot
 75069 | Depths:1 | Entered Level 1 of the Depths
 75084 | Depths:1 | Reached skill level 5 in Dodging
 75115 | Depths:1 | Gained Okrist as an ally
 75649 | Depths:1 | Found Kiaddeig's Island Escapes.
 75668 | Depths:1 | Bought a scroll of fog for 30 gold pieces
 75668 | Depths:1 | Bought a scroll of fog for 30 gold pieces
 75668 | Depths:1 | Bought a scroll of blinking for 112 gold pieces
 75668 | Depths:1 | Bought a scroll of teleportation for 45 gold pieces
 75668 | Depths:1 | Bought a scroll of teleportation for 45 gold pieces
 75930 | Depths:1 | Found a gateway to a ziggurat.
 76049 | Depths:1 | Found a gateway to Hell.
 76713 | Depths:2 | Got a dazzling glaive
 76810 | Depths:2 | Noticed Jorgrun
 76821 | Depths:2 | Killed Jorgrun
 76999 | Depths:2 | Noticed a golden dragon
 77015 | Depths:2 | Killed a golden dragon
 77526 | Depths:2 | Found a one-way gate to the infinite horrors of the Abyss.
 78359 | Depths:3 | Found a runed door.
 78363 | Depths:3 | Noticed Beine's ghost (veteran HOFi)
 78715 | Depths:3 | Killed Beine's ghost
 78795 | Depths:3 | Found a one-way gate leading to the halls of Pandemonium.
 79335 | Depths:3 | Reached XP level 24. HP: 231/231 MP: 37/37
 79509 | Depths:3 | Noticed Sojobo
 79520 | Depths:3 | Killed Sojobo
 79646 | Depths:3 | Your ally Bogfrid died
 80337 | Depths:4 | Found a burning altar of Makhleb.
 80338 | Depths:4 | Found an opulent altar of Gozag.
 80339 | Depths:4 | Found a glowing silver altar of Zin.
 80445 | Depths:4 | Paralysed by a great orb of eyes for 2 turns
 80454 | Depths:4 | Your ally Okrist died
 80668 | Depths:4 | Your ally Alork died
 80711 | Depths:4 | Noticed a juggernaut
 80726 | Depths:4 | Killed a juggernaut
 80767 | Depths:4 | Identified the Grimoire of Lethal Earth
 80961 | Depths:5 | Entered Level 5 of the Depths
 81908 | Depths:5 | Found a corrupted altar of Lugonu.
 82315 | Depths:5 | Reached XP level 25. HP: 227/240 MP: 38/38
 82571 | Depths:5 | Gained Bogrim as an ally
 82865 | Depths:5 | Your ally Bogrim died
 82957 | Depths:5 | Found a gate to the Realm of Zot.
 83108 | Depths:5 | Identified Hehe's Papyrus of Battle Magic
 84445 | Depths:4 | Noticed a juggernaut
 84460 | Depths:4 | Killed a juggernaut
 85413 | Crypt:1  | Entered Level 1 of the Crypt
 87008 | Crypt:1  | Noticed Mennas
 87028 | Crypt:1  | Killed Mennas
 88120 | Crypt:2  | Reached skill level 10 in Dodging
 88277 | Crypt:2  | Found an ancient bone altar of Kikubaaqudgha.
 88314 | Crypt:2  | Reached XP level 26. HP: 251/251 MP: 38/38
 88730 | Crypt:3  | Entered Level 3 of the Crypt
 89235 | Crypt:3  | Gained Oreg as an ally
 89294 | Crypt:3  | Found an ancient bone altar of Kikubaaqudgha.
 89315 | Crypt:3  | Gained Warbeogh as an ally
 89343 | Crypt:3  | Your ally Warbeogh died
 89783 | Crypt:3  | Gained Grimold as an ally
 90290 | Crypt:3  | Identified a scroll of acquirement
 90298 | Crypt:3  | Got a shimmering broad axe {freeze}
 90299 | Crypt:3  | Identified the +6 broad axe of Greatest Utility {freeze, rC++} (You took it off a deep elf death mage on level 3 of the Crypt)
 90500 | Crypt:3  | Found a staircase to the Tomb.
 90500 | Crypt:3  | Noticed an ancient lich
 90511 | Crypt:3  | Killed an ancient lich
 91237 | Slime:1  | Entered Level 1 of the Pits of Slime
 91527 | Slime:1  | Gained mutation: You are agile. (Dex +2) [a shining eye]
 92314 | Slime:2  | Gained Berold as an ally
 92354 | Slime:1  | Gained Bogward as an ally
 92357 | Slime:1  | Lost mutation: You are agile. (Dex +2) [a shining eye]
 93536 | Slime:3  | Gained Hawl as an ally
 95248 | Slime:5  | Entered Level 5 of the Pits of Slime
 95393 | Slime:5  | Gained mutation: Your spells are a little easier to cast, but a little less powerful. [a shining eye]
 95575 | Slime:5  | Reached XP level 27. HP: 254/261 MP: 39/39
 95725 | Slime:5  | Noticed the Royal Jelly
 96664 | Slime:5  | Killed the Royal Jelly
 97121 | Slime:5  | Got a wavering pewter ring
 97122 | Slime:5  | Identified the ring of the Median {rC+ Dex+3 SInv} (You found it on level 5 of the Pits of Slime)
 97131 | Slime:5  | Got a slimy rune of Zot
 97159 | Slime:5  | Identified the amulet of Tiwiumotan {Faith -Tele rPois MR+ Dex+4} (You found it on level 5 of the Pits of Slime)
 97208 | Slime:5  | Identified the +0 broad axe "Oseebodd" {elec, Int+6} (You acquired it on level 5 of the Pits of Slime)
 97302 | Slime:5  | Got a twisted glaive
 98233 | D:10     | You showed the slimy rune of Zot to enter a treasure trove
 98234 | Trove    | Entered a treasure trove
 98239 | Trove    | Identified the ring of Oczud {+Fly Str+4} (You found it in a treasure trove)
 98241 | Trove    | Identified the amulet "Ufyiqi" {Fragile rPois Regen+ Str+5 Stlth+} (You found it in a treasure trove)
 98255 | Trove    | Got a smoking brass ring
 98257 | Trove    | Identified the cursed ring "Diaxt" {rElec EV-5} (You found it in a treasure trove)
 98266 | Trove    | Got a clouded platinum amulet
 98267 | Trove    | Identified the amulet "Qydopon" {+Rage rC+} (You found it in a treasure trove)
 98272 | Trove    | Got a slimy jade amulet
 98273 | Trove    | Identified the amulet of the Harvest {-Tele rPois Regen+ Int+2 SInv} (You found it in a treasure trove)
 98276 | Trove    | Got a twitching silver ring
 98277 | Trove    | Identified the ring "Menapnaff" {rElec MR+ Dex+3} (You found it in a treasure trove)
 98281 | Trove    | Got a vibrating glass ring
 98282 | Trove    | Identified the ring "Hosaz" {rC++ Dex-5 SInv} (You found it in a treasure trove)
 98295 | Trove    | Got a flickering bronze ring
 98296 | Trove    | Identified the ring of Qihacvan {Ice MR+ Int+2 Dex+4} (You found it in a treasure trove)
 98300 | Trove    | Got a fine iron amulet
 98302 | Trove    | Identified the amulet of Yzxeqoof {Acrobat Int+2} (You found it in a treasure trove)
 98718 | Hell     | Entered the Vestibule of Hell
 98718 | Hell     | Noticed Geryon
100171 | Hell     | Killed Geryon
100632 | Hell     | Found a gateway to the ashen valley of Gehenna.
100725 | Hell     | Found a gateway to the Iron City of Dis.
100794 | Hell     | Found a gateway to the freezing wastes of Cocytus.
100892 | Hell     | Gained Arbeogh as an ally
100926 | Hell     | Your ally Hawl died
100935 | Hell     | Gained Beowulf as an ally
100936 | Hell     | Found a gateway to the decaying netherworld of Tartarus.
101412 | Zig:1    | Entered Level 1 of a ziggurat
101439 | Zig:2    | Entered Level 2 of a ziggurat
101471 | Zig:3    | Entered Level 3 of a ziggurat
101873 | Zig:4    | Entered Level 4 of a ziggurat
101877 | Zig:4    | Noticed Haloosmo the pandemonium lord
101891 | Zig:4    | Killed Haloosmo the pandemonium lord
101932 | Zig:4    | Identified the Collected Works on the Shifting Blaze
102172 | Zig:5    | Entered Level 5 of a ziggurat
102202 | Zig:5    | Identified the Guide on Floating Clay
102213 | Zig:5    | Identified the Guide on Malediction and Confrontation
102520 | Zig:6    | Entered Level 6 of a ziggurat
102940 | Zig:7    | Entered Level 7 of a ziggurat
103124 | Zig:8    | Entered Level 8 of a ziggurat
103461 | Zig:9    | Entered Level 9 of a ziggurat
103543 | Zig:9    | Identified the +0 helmet "Femoiv" {rPois rF- Dex+5 SInv} (You found it on level 9 of a ziggurat)
103546 | Zig:9    | Identified the +4 battleaxe "Jiho" {chop, rPois rF+} (You found it on level 9 of a ziggurat)
103662 | Zig:10   | Entered Level 10 of a ziggurat
103704 | Zig:10   | Found the +12 glaive of Prune {chop}
103722 | Zig:10   | Got a scorched pewter ring
103724 | Zig:10   | Identified the ring of Sytaraapt {+Fly rC- EV+2 Str+4} (You found it on level 10 of a ziggurat)
103739 | Zig:10   | Identified the +11 morningstar of the Establishment {crush, Str+8} (You found it on level 10 of a ziggurat)
103742 | Zig:10   | Identified the cursed +3 mace of Urgency {crush, rF+} (You found it on level 10 of a ziggurat)
104014 | Zig:11   | Entered Level 11 of a ziggurat
104022 | Zig:11   | Noticed a greater mummy
104022 | Zig:11   | Noticed a greater mummy
104023 | Zig:11   | Noticed a greater mummy
104023 | Zig:11   | Noticed a greater mummy
104594 | Depths:1 | Upgraded the game from 0.22-a0-538-g76cc104 to 0.22-a0-542-gce4f928
105306 | Zot:1    | Entered Level 1 of the Realm of Zot
105343 | Zot:1    | Noticed Tiamat
105363 | Zot:1    | Noticed an orb of fire
105365 | Zot:1    | Gained mutation: You are frail. (-10% HP) [an orb of fire]
105382 | Zot:1    | Killed an orb of fire
105444 | Zot:1    | Killed Tiamat
106059 | Zot:1    | Your ally Beowulf died
106098 | Zot:1    | Noticed an orb of fire
106104 | Zot:1    | Killed an orb of fire
108081 | Zot:2    | Your ally Bogward died
109334 | Zot:2    | Found a burning altar of Makhleb.
109647 | Zot:2    | Identified the Handbook of Fire and Brimstone
109816 | Zot:2    | Noticed an orb of fire
109836 | Zot:2    | Killed an orb of fire
111084 | Zot:2    | Identified Qaarr's Volume of the Zealot
112123 | D:13     | Bought a potion of mutation for 112 gold pieces
112530 | Orc:2    | Bought a potion of resistance for 150 gold pieces
112530 | Orc:2    | Bought a potion of curing for 45 gold pieces
112530 | Orc:2    | Bought a potion of berserk rage for 75 gold pieces
112530 | Orc:2    | Bought a potion of agility for 60 gold pieces
112775 | Vaults:2 | Bought a scroll of holy word for 97 gold pieces
112914 | D:12     | Bought a scroll of enchant armour for 255 gold pieces
113045 | Elf:1    | Bought a potion of resistance for 140 gold pieces
113338 | Pan      | Entered Pandemonium
113453 | Pan      | Identified the Compendium of Earthen Darkness
114175 | Pan      | Found a huge runed gate.
114184 | Pan      | Reached skill level 27 in Invocations
115224 | Pan      | Noticed Beumiry the pandemonium lord
115245 | Pan      | Killed Beumiry the pandemonium lord
115265 | Pan      | Your ally Bogward died
116019 | Pan      | Gained mutation: You have very sharp teeth. [a cacodemon]
116247 | Pan      | Found a huge runed gate.
116247 | Pan      | Gained mutation: You tend to lose your temper in combat. [a neqoxec]
116501 | Pan      | Gained mutation: Your mind is acute. (Int +2) [a neqoxec]
116736 | Pan      | Your ally Berold died
117124 | Pan      | Noticed Vydoif the pandemonium lord
117131 | Pan      | Killed Vydoif the pandemonium lord
117134 | Pan      | Gained mutation: Armour fits poorly on your strangely shaped body. [a neqoxec]
117649 | Pan      | Found an exit through the horrors of the Abyss.
117766 | Pan      | Noticed Agodghe the pandemonium lord
117770 | Pan      | Killed Agodghe the pandemonium lord
117789 | Pan      | Your ally Oreg died
118000 | Pan      | Your ally Arbeogh died
120578 | Pan      | Reached skill level 27 in Fighting
121541 | Pan      | Entered the realm of Gloorx Vloq.
122089 | Pan      | Noticed Gloorx Vloq
122103 | Pan      | Your ally Grimold died
122115 | Pan      | Killed Gloorx Vloq
122441 | Pan      | Got a dark rune of Zot
122998 | Pan      | Noticed Oczoesosh the pandemonium lord
123558 | Pan      | Gained Garbold as an ally
123648 | Pan      | Killed Oczoesosh the pandemonium lord
123690 | Pan      | Found a runed door.
123708 | Pan      | Got a demonic rune of Zot
125164 | Pan      | Entered the realm of Cerebov.
125402 | Pan      | Your ally Garbold died
125417 | Pan      | Killed from afar by a balrug

Vault maps used:
D:1:      saegor_arrival_under_anarchy
D:2:      minmay_wonky_spiral
D:3:      gammafunk_ghost_icy, okawaru_altar_gauntlet_db
D:4:      first_ration, serial_shops, nicolae_shop_crystal, dk_noncrumbling_4
D:5:      trog_butcher_becter, uniq_crazy_yiuf_cottage
D:6:      minmay_temple_entry_large_hall
D:7:      gammafunk_the_bubble, fiery_altar_vehumet, grunt_ogre_cave,
          nicolae_ru_awakened_eye, uniq_menkaure
D:8:      grunt_lair_entry_orc_guard_hut
D:9:      argonaut_augean_stables, uniq_joseph, uniq_psyche, uniq_maurice,
          uniq_grum
D:10:     orc_0_dummy, enter_trove_6, corexii_corridor_pit
D:11:     wad_crossroads, serial_shops, shop, grunt_dithmenos_smoke_and_mirrors
D:12:     serial_shops, shop
D:13:     david_vaults_5, nicolae_transmutations_shop
D:14:     minmay_ruined_shrine
D:15:     grunt_enter_depths_snipers, hex_tiny, roderic_batcave
Lair:1:   serial_bayou_ford_a, grunt_megastairs_5
Lair:2:   nicolae_spider_entry_orb_guardian
Lair:3:   minmay_shoals_entry_beasts, pf_torpor_hydra, lemuel_fruit_tree,
          grunt_megastairs_4, uniq_gastronok
Lair:4:   minivault_24
Lair:6:   gammafunk_lair_ancient_temple, minmay_slime_entry_pillars,
          minmay_another_anthill, uniq_nessos, uniq_kirke
Shoals:1: uniq_josephine
Shoals:3: nicolae_shoals_water_elemental_grotto
Shoals:4: shoals_end_grunt_garden, shoals_ilsuiw_ice
Spider:2: special_room
Spider:3: portal_ice_cave_entry_pillars_1, spider_trap, uniq_asterion
Spider:4: guppyfry_spider_rune
Slime:1:  cheibrodos_slime_lost_civilization_5
Slime:4:  nicolae_slime_phagocytosis
Orc:1:    uniq_snorg
Orc:2:    kennysheep_orc_mage_school, serial_shops, shop, uniq_sonja
Elf:1:    eino_elf_arrival_altar, serial_shops, nicolae_shop_stone,
          evilmike_minifort, grunt_ministairs_12
Elf:3:    minmay_elf_hall_curves, minmay_strange_pillars, grunt_ministairs_9
Vaults:1: v_pattern_5, v_misc_27, vaults_room_stairs_pillars, v_misc_11,
          hangedman_vaults_impose, nicolae_vaults_theta,
          vaults_room_grunt_arrival_ludios, serial_shops,
          nicolae_shop_behind_doors
Vaults:2: hangedman_vaults_stitches, v_misc_25, v_misc_2, grunt_vaults_funnel,
          v_alt_pattern_4, ontoclasm_vaults_chip, v_rooms_6,
          nicolae_vaults_network_periphery, vaults_room_grid, serial_shops,
          bzr_entry_gold, shop, shop, shop_scrolls, shop, uniq_mara
Vaults:3: minmay_crypt_entry_skeletal_spiral, vaults_room_grid,
          vaults_dpeg_doors, grunt_vaults_diagonal, v_misc_24,
          ontoclasm_vaults_loading_screen, nicolae_vaults_little_squares_6,
          hangedman_vaults_stagger, v_misc_28, ontoclasm_vaults_pinch,
          hangedman_vaults_capsules, vaults_room_hangedman_quadrants,
          dpeg_vaults_monster_box, vaults_dpeg_encased_lava, uniq_bai_suzhen,
          uniq_boris
Vaults:4: advil_vaults_ghost_guards, hangedman_vaults_stretched_pinwheel,
          vaults_room_stairs_pillars, v_misc_8, special_room_vaults,
          v_alt_pattern_2, nicolae_vaults_gold_heap, v_pattern_2,
          vaults_room_semicircle, nicolae_vaults_rhombus_6,
          nicolae_vaults_stairing_the_circle, nicolae_vaults_what_the_h,
          nicolae_vaults_little_squares_6, hangedman_vaults_maws,
          ontoclasm_vaults_idyll, nicolae_vaults_asterisk,
          nicolae_vaults_rhombus_5, v_alt_pattern_3
Crypt:1:  grunt_crypt_arrival_webbed, uniq_mennas
Crypt:2:  basic_altar
Crypt:3:  grunt_crypt_end_deaths_head
Depths:1: enter_ziggurat_b, minmay_tree_intersection,
          hangedman_tar_grid_catacomb, minmay_holes, nicolae_island_escapes
Depths:2: minmay_the_grid_triangle_9x9_recursive_2, minmay_misc_feat_encased,
          hell_entry, abyss_entry_small_statue_room,
          minmay_staircase_windowed_large, uniq_jorgrun
Depths:3: minmay_split_circle, ebering_ghost_inner_flame, grunt_mini_vestibule,
          hangedman_abyss_or_decor_passed, pan_entry,
          wad_floor_pattern_untrapped, minmay_staircase_statues, uniq_sojobo
Depths:4: hangedman_slaughterboxes, serial_shops, abyss_entry, hell_entry
Depths:5: lemuel_castle_with_subvaults, hell_entry, abyss_entry_flame_altar,
          serial_sigils_hangedman_scar
Zot:1:    uniq_tiamat
Zot:2:    nicolae_zot_draconian_monastery, grunt_ministairs_10
Pan:      nicolae_pan_giant_door, nicolae_pan_giant_door, pan_blood_fountain,
          evilmike_mini_pan_corner, gloorx_vloq_grunt,
          regret_index_pan_draining_boxed, pan_blood_fountain, cerebov_grunt,
          nicolae_pan_lom_lobonic_2
Zig:1:    ziggurat_pillar_centre_c
Zig:8:    ziggurat_pillar_centre_oklobs
Bazaar:   bazaar_minmay_row
Trove:    trove_jewel_2

Skill      XL: |  1  2  3  4  5  6  7  8  9 10 11 12 13 14 15 16 17 18 19 20 21 22 23 24 25 26 27 |
---------------+----------------------------------------------------------------------------------+-----
Axes           | 3 4 5 6 7 9 10 11 12 13 14 15 16 17 23 | 23.9
Fighting       | 4 5 6 7 9 10 11 12 13 14 15 16 17 18 19 20 21 22 23 24 27 | 27.0
Shields        | 4 5 6 8 9 10 11 12 13 14 15 16 17 18 19 20 21 24 | 24.1
Armour         | 4 5 6 8 9 10 11 12 13 14 15 16 17 18 19 20 21 22 26 | 26.2
Slings         | 2 4 6 7 8 9 10 | 10.9
Invocations    | 3 6 8 10 11 13 14 15 17 18 19 20 21 22 23 24 27 | 27.0
Dodging        | 4 6 8 10 11 | 11.0

Action                   |  1- 3 |  4- 6 |  7- 9 | 10-12 | 13-15 | 16-18 | 19-21 | 22-24 | 25-27 || total
-------------------------+-------+-------+-------+-------+-------+-------+-------+-------+-------++-------
Melee: War axe           |    62 |   199 |   205 |   636 |   897 |  1211 |  1233 |   101 |  1717 ||  6261
       Scimitar          |       |       |       |     4 |     8 |       |       |       |       ||    12
       Unarmed           |       |       |       |       |       |    59 |       |       |       ||    59
       Broad axe         |       |       |       |       |       |       |    10 |   985 |  1594 ||  2589
       Sacred scourge    |       |       |       |       |       |       |       |       |    22 ||    22
       Bite              |       |       |       |       |       |       |       |       |   164 ||   164
 Fire: Hunting sling     |       |       |       |    10 |     4 |    51 |     4 |     4 |    21 ||    94
Throw: Throwing net      |       |       |     2 |       |       |       |       |       |       ||     2
       Javelin           |       |       |       |     4 |     9 |     3 |       |       |     5 ||    21
       Tomahawk          |       |       |       |     3 |     5 |       |       |       |       ||     8
Invok: Convert to Beogh  |       |       |     1 |       |       |       |       |       |       ||     1
       Recall Orcish Fol |       |       |       |       |     8 |    26 |    14 |    22 |    32 ||   102
       Smiting           |       |       |       |       |     7 |    25 |    13 |    10 |    68 ||   123
       Stop Recall       |       |       |       |       |     1 |     5 |     1 |       |     4 ||    11
       Resurrection      |       |       |       |       |       |     1 |     2 |       |     1 ||     4
       Give Item to Name |       |       |       |       |       |     2 |     1 |     3 |     3 ||     9
Evoke: Wand              |       |     5 |    21 |    36 |     6 |    17 |     3 |    23 |    30 ||   141
       Fan of gales      |       |       |       |       |     1 |       |       |       |       ||     1
       Lamp of fire      |       |       |       |       |       |     1 |       |       |     1 ||     2
       Lightning rod     |       |       |       |       |       |       |       |     4 |     4 ||     8
       Phial of floods   |       |       |       |       |       |       |       |     1 |       ||     1
       Horn of Geryon    |       |       |       |       |       |       |       |       |     3 ||     3
  Use: Scroll            |     6 |     7 |     4 |    18 |    12 |    12 |    17 |    11 |    48 ||   135
       Potion            |       |       |     3 |     3 |     3 |    12 |     3 |     6 |    21 ||    51
 Stab: Held in net/web   |       |       |     1 |       |       |       |       |       |       ||     1
       Paralysed         |       |       |       |     3 |     3 |     6 |       |       |       ||    12
       Distracted        |       |       |       |       |     4 |    10 |     8 |     9 |    32 ||    63
       Confused          |       |       |       |       |       |     1 |       |     1 |     3 ||     5
  Eat: Chunk             |     2 |     8 |       |     3 |    13 |    12 |     7 |     5 |     7 ||    57
       Ration            |       |     2 |     3 |    11 |    11 |    13 |    11 |    11 |    37 ||    99
Armor: Scale mail        |    32 |    93 |    60 |       |       |       |       |       |       ||   185
       Chain mail        |       |       |    45 |   276 |   336 |   612 |       |       |       ||  1269
       Skin              |       |       |       |     5 |       |       |       |       |       ||     5
       Gold dragon scale |       |       |       |       |       |    11 |   368 |   397 |  1348 ||  2124
Dodge: Dodged            |    25 |    51 |    72 |   142 |   241 |   271 |   129 |   202 |   932 ||  2065
       Deflected         |       |       |       |       |       |    30 |       |       |       ||    30
Block: Shield            |    31 |    94 |   122 |   373 |   548 |  1036 |   930 |  1133 |  2169 ||  6436
       Reflection        |       |       |       |       |       |    93 |    95 |    98 |    83 ||   369
       Large shield      |       |       |       |       |       |       |       |       |  1743 ||  1743

Table legend:
 A = Spawn XP
 B = Non-spawn XP
 C = Spawn XP percentage of total XP
 D = Spawn monster count
 E = Non-spawn monster count
 F = Spawn count percentage of total count
 G = Total turns spent on level
                    A         B        C        D         E        F      G
               +---------+---------+-------+---------+---------+-------+---------
         Total |  142088 | 1827578 |   7.2 |     199 |    2941 |   6.3 | 125417
               +---------+---------+-------+---------+---------+-------+---------
           D:1 |       0 |      33 |   0.0 |       0 |      17 |   0.0 |   957
           D:2 |       0 |      46 |   0.0 |       0 |      13 |   0.0 |   581
           D:3 |       0 |     227 |   0.0 |       0 |      26 |   0.0 |  1438
           D:4 |       0 |     216 |   0.0 |       0 |      11 |   0.0 |  1410
           D:5 |       0 |     209 |   0.0 |       0 |      15 |   0.0 |  1529
           D:6 |       0 |     448 |   0.0 |       0 |      15 |   0.0 |  1381
           D:7 |       0 |    2021 |   0.0 |       0 |      22 |   0.0 |  2044
           D:8 |       0 |    5334 |   0.0 |       0 |      44 |   0.0 |  3315
           D:9 |       0 |    5718 |   0.0 |       0 |      42 |   0.0 |  2311
          D:10 |       0 |    1850 |   0.0 |       0 |      22 |   0.0 |  1631
          D:11 |       0 |    3741 |   0.0 |       0 |      20 |   0.0 |  1167
          D:12 |       0 |    5214 |   0.0 |       0 |      38 |   0.0 |  1974
          D:13 |       0 |    3023 |   0.0 |       0 |      14 |   0.0 |  2093
          D:14 |       0 |   11606 |   0.0 |       0 |      38 |   0.0 |  1297
          D:15 |       0 |   14314 |   0.0 |       0 |      50 |   0.0 |  1402
        Lair:1 |       0 |    3392 |   0.0 |       0 |      17 |   0.0 |  1821
        Lair:2 |       0 |    3713 |   0.0 |       0 |      13 |   0.0 |  2457
        Lair:3 |       0 |    5938 |   0.0 |       0 |      13 |   0.0 |  2188
        Lair:4 |       0 |    7438 |   0.0 |       0 |      27 |   0.0 |  2251
        Lair:5 |       0 |    9006 |   0.0 |       0 |      32 |   0.0 |  2703
        Lair:6 |       0 |   22643 |   0.0 |       0 |      89 |   0.0 |  3172
      Shoals:1 |       0 |   14418 |   0.0 |       0 |      33 |   0.0 |  1555
      Shoals:2 |       0 |   16079 |   0.0 |       0 |      39 |   0.0 |  1568
      Shoals:3 |       0 |   13419 |   0.0 |       0 |      34 |   0.0 |  1847
      Shoals:4 |       0 |   36850 |   0.0 |       0 |      65 |   0.0 |  2147
      Spider:1 |       0 |   11185 |   0.0 |       0 |      34 |   0.0 |   980
      Spider:2 |       0 |   13581 |   0.0 |       0 |      58 |   0.0 |  2121
      Spider:3 |       0 |   23382 |   0.0 |       0 |      80 |   0.0 |  1900
      Spider:4 |       0 |   33988 |   0.0 |       0 |      85 |   0.0 |  2466
       Slime:1 |       0 |   23703 |   0.0 |       0 |      28 |   0.0 |  1751
       Slime:2 |       0 |   11738 |   0.0 |       0 |      23 |   0.0 |   409
       Slime:3 |       0 |    7508 |   0.0 |       0 |      15 |   0.0 |  1245
       Slime:4 |       0 |   27132 |   0.0 |       0 |      46 |   0.0 |  1033
       Slime:5 |       0 |   43318 |   0.0 |       0 |      37 |   0.0 |  1506
         Orc:1 |       0 |    3418 |   0.0 |       0 |      17 |   0.0 |   641
         Orc:2 |       0 |    6563 |   0.0 |       0 |      28 |   0.0 |  1245
         Elf:1 |       0 |   29278 |   0.0 |       0 |      50 |   0.0 |  1859
         Elf:2 |       0 |   33462 |   0.0 |       0 |      54 |   0.0 |  2472
         Elf:3 |       0 |   50532 |   0.0 |       0 |      59 |   0.0 |  2676
      Vaults:1 |       0 |   35874 |   0.0 |       0 |      52 |   0.0 |  3939
      Vaults:2 |       0 |   59294 |   0.0 |       0 |      86 |   0.0 |  2928
      Vaults:3 |       0 |   59103 |   0.0 |       0 |      95 |   0.0 |  3935
      Vaults:4 |       0 |  108554 |   0.0 |       0 |     164 |   0.0 |  4769
      Vaults:5 |       0 |   83472 |   0.0 |       0 |     102 |   0.0 |  1808
       Crypt:1 |       0 |   44121 |   0.0 |       0 |      53 |   0.0 |  1829
       Crypt:2 |       0 |   19924 |   0.0 |       0 |      30 |   0.0 |   735
       Crypt:3 |       0 |   73188 |   0.0 |       0 |     129 |   0.0 |  2111
      Depths:1 |       0 |   45735 |   0.0 |       0 |      89 |   0.0 |  3888
      Depths:2 |       0 |   38278 |   0.0 |       0 |      44 |   0.0 |  1706
      Depths:3 |       0 |   42573 |   0.0 |       0 |      57 |   0.0 |  1506
      Depths:4 |       0 |  120145 |   0.0 |       0 |      94 |   0.0 |  3479
      Depths:5 |       0 |   82418 |   0.0 |       0 |      79 |   0.0 |  2115
          Hell |       0 |   47619 |   0.0 |       0 |      67 |   0.0 |  1211
         Zot:1 |       0 |   98334 |   0.0 |       0 |      63 |   0.0 |  2736
         Zot:2 |       0 |   74460 |   0.0 |       0 |      54 |   0.0 |  3184
           Pan |  142088 |  214702 |  39.8 |     199 |     225 |  46.9 | 12079
         Zig:1 |       0 |    1472 |   0.0 |       0 |       1 |   0.0 |    27
         Zig:2 |       0 |    2238 |   0.0 |       0 |       3 |   0.0 |    32
         Zig:3 |       0 |    4222 |   0.0 |       0 |       4 |   0.0 |   402
         Zig:4 |       0 |    8196 |   0.0 |       0 |       4 |   0.0 |   299
         Zig:5 |       0 |    6703 |   0.0 |       0 |       6 |   0.0 |   348
         Zig:6 |       0 |    6950 |   0.0 |       0 |       8 |   0.0 |   420
         Zig:7 |       0 |    8298 |   0.0 |       0 |      11 |   0.0 |   184
         Zig:8 |       0 |   14901 |   0.0 |       0 |      16 |   0.0 |   337
         Zig:9 |       0 |    9396 |   0.0 |       0 |      19 |   0.0 |   201
        Zig:10 |       0 |   10881 |   0.0 |       0 |      20 |   0.0 |   352
        Zig:11 |       0 |     843 |   0.0 |       0 |       3 |   0.0 |    37
               +---------+---------+-------+---------+---------+-------+---------
